[Event "Djerba Festival Masters 2024"]
[Site "Djerba"]
[Date "2024.02.22"]
[Round "4.3"]
[White "Moussard, Jules"]
[Black "Ivanchuk, Vasyl"]
[Result "1/2-1/2"]
[ECO "C92"]
[WhiteElo "2630"]
[BlackElo "2623"]
[Annotator "TA"]
[PlyCount "78"]
[EventDate "2024.02.18"]
[EventType "tourn"]
[EventCountry "TUN"]
[SourceTitle "playchess.com"]
[Source "ChessBase"]
[SourceQuality "1"]
[TimeControl "5400+30"]

1. e4 e5 2. Nf3 Nc6 3. Bb5 a6 4. Ba4 Nf6 5. O-O Be7 6. Re1 b5 7. Bb3 d6 8. c3 O-O 9. h3 Bb7 10. d4 Re8 11. Ng5 Rf8 12. Nf3 Re8 13. a3 h6 14. Ba2 Rc8 15. d5 (15. Nbd2 $14) 15... Nb8 16. c4 bxc4 17. Bxc4 c6 18. dxc6 Nxc6 19. Ba2 Qd7 20. Nc3 Nd8 21. Bd2 Ne6 {[%emt 0:00:34] The position is equal.} 22. Rc1 Nc5 23. Bb1 {[%emt 0:00:20] Prevents Nd3.} Bc6 24. b4 Na4 25. Nxa4 Bxa4 26. Qe2 Bb5 27. Qe3 Rxc1 28. Rxc1 Rc8 29. Nh4 Rxc1+ 30. Bxc1 {[%emt 0:00:12] [#]} Ng4 $1 31. Qg3 {[%emt 0:02:44] And now Nf5 would win.} (31. Qf3 Bxh4) 31... Qc7 32. Bd2 Bg5 33. Bxg5 hxg5 34. Qxg4 gxh4 $11 {[%emt 0:00:36] KQB-KQB} 35. Qg5 {[%emt 0:03:03][%cal Ob1a2] Wards off Qc1+} Qc3 {[%emt 0:06:01] [#] Strongly threatening ...Qe1+.} 36. Qd8+ (36. Qxh4 $2 Qe1+ (36... Qxa3 37. Qd8+ Kh7 38. Qh4+ Kg6 39. Qg3+ Qxg3 40. fxg3 $11) 37. Kh2 Qxb1 $19) 36... Kh7 {[%emt 0:00:01] ...f6 is the strong threat.} 37. Qxh4+ ({Reject} 37. Qxd6 Qe1+ (37... Qxa3 38. Qxe5 Bd7 39. Qf4 $14) 38. Kh2 f6 $17 (38... Qxb1 39. Qxe5 Bc4 40. Qf5+ g6 41. Qf4 $17)) 37... Kg8 {[%emt 0:00:01] White must now prevent ...Qc1+.} 38. Qd8+ Kh7 {[%emt 0:00:02] Threatens to win with ...Qe1+.} 39. Qh4+ ({But not} 39. Qxd6 Qe1+ (39... Qxa3 40. Bc2 $11) 40. Kh2 Qxb1 41. Qxe5 Qc1 $17) 39... Kg8 {[%emt 0:55:52] Weighted Error Value: White=0.07 (flawless) /Black=0.04 (flawless) .  Mistake:       	White=1     	---        Inaccurate:     	White=1     	Black=1      OK:         	White=14    	Black=10     Best:        	White=1     	Black=4} 1/2-1/2

[Event "Djerba Festival Masters 2024"]
[Site "Djerba"]
[Date "2024.02.22"]
[Round "4.4"]
[White "Niemann, Hans Moke"]
[Black "Divya Deshmukh"]
[Result "1-0"]
[ECO "B51"]
[WhiteElo "2692"]
[BlackElo "2420"]
[Annotator "TA"]
[PlyCount "84"]
[EventDate "2024.02.18"]
[EventType "tourn"]
[EventCountry "TUN"]
[SourceTitle "playchess.com"]
[Source "ChessBase"]
[SourceQuality "1"]
[TimeControl "5400+30"]

1. e4 c5 2. Nf3 Nc6 3. Bb5 d6 4. O-O Bd7 5. Re1 a6 6. Bxc6 Bxc6 7. d4 cxd4 8. Nxd4 Rc8 9. c4 g6 10. Nc3 Bg7 {[%emt 0:00:48] White has an edge.} 11. Be3 Nf6 12. f3 O-O 13. Qd2 Re8 14. b3 Qa5 15. Rab1 e6 16. Red1 Kh8 17. Kh1 Red8 18. Nxc6 bxc6 19. b4 Qc7 20. Bf4 $36 {[%emt 0:00:53][%mdl 2048] White is pushing.} Nh5 (20... Ne8 $14 {is more appropriate.}) 21. Bg5 (21. Bxd6 $16 Rxd6 22. Qxd6 Bxc3 23. Qxc7 Rxc7 24. Rd3) 21... f6 22. Be3 f5 23. Rdc1 d5 24. cxd5 fxe4 ({Black should play} 24... cxd5 $14 25. exd5 (25. Nxd5 Qb7 $11) 25... exd5 (25... Bxc3 $2 26. Rxc3 Qd6 27. dxe6 $18) 26. Nxd5 Qb7) 25. Nxe4 $16 {[%emt 0:03:32][%cal Od5d6] d6! would now be deadly.} exd5 26. Nc5 d4 27. Bg5 {[%emt 0:01:38][%cal Oc5e6] aiming for Ne6!} (27. Nxa6 $2 dxe3 28. Qxe3 Qf7 $19) 27... Rd5 28. Re1 Be5 29. Nxa6 Qd6 {[%emt 0:04:05] [#]} 30. g4 $1 Bf4 31. Bxf4 Nxf4 32. Nc5 {[%emt 0:00:11] Inhibits Ne6.} Rf8 33. a4 {[%emt 0:00:31] White is more active.} h5 34. Ne4 Qd7 35. Rg1 Re5 36. Rbd1 $2 (36. gxh5 $18 {Threatens to win with b5.} gxh5 37. a5) 36... Qd5 $11 {[%emt 0:00:37] ...Rxe4 is the strong threat.} 37. Rde1 (37. Qxd4 $2 Qxd4 38. Rxd4 Ne2 $19) (37. gxh5 {keeps more tension.} Rxe4 38. fxe4 Qxe4+ 39. Rg2) 37... Kg7 {[%emt 0:01:01] [#]} (37... g5 $11 {remains equal.}) 38. gxh5 $1 $16 Nxh5 (38... Rxh5 $16 39. Rg4 Ne6) 39. Ng5 $2 ({White should try} 39. Qf2 $18) 39... Rxe1 (39... Rff5 $11 40. Rxe5 Rxe5) 40. Rxe1 ({Of course not} 40. Qxe1 $6 Rxf3 41. Nxf3 Qxf3+ 42. Rg2 Nf4 43. Qe7+ Kg8 44. Qe8+ Kg7 45. Qe7+ Kg8 46. Qe8+ Kh7 47. Qf7+ Kh6 48. Qf8+ Kh7 49. Qf7+ (49. Qe7+ Kg8 $11) 49... Kh8 50. Qf8+ Kh7 51. Qf7+ $11 (51. Qe7+ Kg8 $11)) 40... Nf4 {[%emt 0:00:11] Wards off Ne6+} 41. h4 {[%emt 0:00:51][%cal Ob4b5] Black must now prevent b5!} Rf5 $2 (41... Kg8 $16 42. Re4 d3) 42. Re4 Qd6 $2 {[%emt 0:01:04] Weighted Error Value: White=0.32/Black=0.41.  Loses game:     	---       	Black=1      Missed win:     	White=1     	---        Mistake:       	White=2     	Black=6      Inaccurate:     	White=2     	Black=1      OK:         	White=15    	Black=12     Best:        	White=2     	---        Strong:       	White=2     	---} (42... d3 43. a5 (43. Rxf4 Rxf4 44. Qxf4 d2 $14) 43... Qd7) 1-0

[Event "Djerba Festival Masters 2024"]
[Site "Djerba"]
[Date "2024.02.23"]
[Round "5.1"]
[White "Divya Deshmukh"]
[Black "Dardha, Daniel"]
[Result "0-1"]
[ECO "B22"]
[WhiteElo "2420"]
[BlackElo "2602"]
[Annotator "TA"]
[PlyCount "54"]
[EventDate "2024.02.18"]
[EventType "tourn"]
[EventCountry "TUN"]
[SourceTitle "playchess.com"]
[Source "ChessBase"]
[SourceQuality "1"]
[TimeControl "5400+30"]

1. e4 c5 2. c3 Nf6 3. e5 Nd5 4. Nf3 d6 5. d4 cxd4 6. cxd4 Nc6 7. Bc4 dxe5 8. dxe5 Be6 9. O-O g6 10. Ng5 Bg7 {[%emt 0:00:38] The position is equal.} 11. Nxe6 fxe6 12. f4 Qa5 {[%emt 0:01:01] Inhibits Nc3. And now ...Qc5+ would win.} 13. Kh1 Qc5 14. Na3 O-O 15. Bd2 (15. Qg4 $14 Kh8 16. Qxe6) 15... Qd4 $11 16. Qc1 {[%emt 0:25:48] [#]} (16. Bxd5 {simplifies} Qxd5 17. Qe2 Bh6 18. Nc2) 16... g5 $1 17. Nb5 (17. fxg5 Rxf1+ (17... Bxe5 18. Bxd5 Rxf1+ 19. Qxf1 $17) 18. Bxf1 Rf8 $17 (18... Nxe5 19. Nb5 $11) (18... Qxe5 19. Nc4 $11)) 17... Qe4 18. Re1 (18. fxg5 Nxe5 19. Bxd5 Rxf1+ (19... exd5 $2 20. Re1 $17) (19... Qxd5 20. Nc7 $16) 20. Qxf1 exd5) (18. Bxd5 $1 $11 exd5 19. Qc5 gxf4 20. Rae1) 18... Qg6 $15 {[%emt 0:02:59][%cal Rg5f4] Black is more active.} 19. Bxd5 exd5 20. Qc5 $1 e6 21. fxg5 {[%emt 0:03:06] Loses the game.} (21. g3 $15) 21... Nxe5 $19 {[%emt 0:01:31] ...Nd3 would now be deadly.} (21... Bxe5 22. Bc3 Qxg5 23. Bxe5 Nxe5 24. Nc7 $11) 22. Qe3 Nc4 23. Qe2 Bxb2 (23... Nxb2 24. Bc3 Bxc3 25. Nxc3 $15) 24. Rab1 Be5 25. Bc3 {[%emt 0:01:10] [#]} Rf5 (25... Bxc3 26. Nxc3 b6 (26... Qxg5 27. Qxe6+ Kh8 28. Nxd5 $14) 27. Nb5 $15 (27. Qxe6+ Qxe6 28. Rxe6 d4 $11)) 26. Nd4 (26. Bxe5 $142 Rxe5 27. Qg4) 26... Rf4 (26... Qxg5 $2 27. Nxf5 (27. Rxb7 Qh6 $11) (27. Nxe6 Qf6 $17) 27... Bxc3 28. Qxe6+ Kh8 29. h4 $18) (26... Rxg5 27. Rxb7 Rh5 28. g3 $19) 27. Qd1 (27. Nxe6 Qxe6 (27... Re4 $2 28. Qf3 $19) 28. Bxe5 Re4 $19) 27... Raf8 {[%emt 0:02:50] Weighted Error Value: White=0.30/Black=0.07 (flawless) .  Mistake:       	White=4     	---        Inaccurate:     	---       	Black=1      OK:         	White=11    	Black=9      Strong:       	White=1     	---} (27... Qxg5 $2 {perishes.} 28. Nxe6 (28. Rxb7 $2 {is the wrong capture.} Rf2 $19) 28... Qf5 29. Nxf4 $18 (29. Rxe5 Nxe5 30. Nxf4 Qxf4 $18)) 0-1

[Event "Djerba Festival Masters 2024"]
[Site "Djerba"]
[Date "2024.02.23"]
[Round "5.2"]
[White "Ivanchuk, Vasyl"]
[Black "Niemann, Hans Moke"]
[Result "1/2-1/2"]
[ECO "D41"]
[WhiteElo "2623"]
[BlackElo "2692"]
[Annotator "TA"]
[PlyCount "83"]
[EventDate "2024.02.18"]
[EventType "tourn"]
[EventCountry "TUN"]
[SourceTitle "playchess.com"]
[Source "ChessBase"]
[SourceQuality "1"]
[TimeControl "5400+30"]

1. d4 Nf6 2. c4 e6 3. Nf3 d5 4. Nc3 c5 5. cxd5 cxd4 6. Qxd4 exd5 7. e4 dxe4 8. Qxd8+ Kxd8 9. Ng5 {[%emt 0:00:02][%csl LRe4,LRf7] White is slightly better.} Be6 10. Nxe6+ fxe6 11. Bg5 Nc6 12. Bc4 Ke7 13. Nxe4 Kf7 14. Bxf6 gxf6 15. O-O-O Rd8 ({Much worse is} 15... Ne5 16. Bb3 $16) 16. Rxd8 Nxd8 17. Rd1 Be7 18. Rd7 {[%emt 0:00:02] [#] Strongly threatening Nd6+.} f5 19. Nd6+ Kf6 20. Nxb7 Nxb7 21. Rxb7 $14 {[%emt 0:00:05][%mdl 4096] Endgame. KRB-KRB} Bc5 22. Rc7 Bxf2 {[%emt 0:00:09] The position is equal.} 23. Rc6 Re8 24. b4 Ke5 25. h3 Re7 26. Kd2 Bb6 27. Ke2 Bc7 28. g4 Bd6 29. b5 Rg7 30. Kf3 fxg4+ 31. hxg4 Rc7 32. a4 Rxc6 33. bxc6 $11 {[%emt 0:00:05] KB-KB} h6 34. Ke3 Bc5+ 35. Kf3 {[%emt 0:00:22] [#] c7 would kill now.} Kd6 36. Ke4 Kxc6 37. Bxe6 Be7 38. Bb3 Kc5 39. Bf7 $1 Kb4 40. Be8 a5 41. Kd3 Bg5 42. Ke4 {[%emt 1:20:39] Weighted Error Value: White=0.02 (flawless) /Black=0.02 (flawless) .  Inaccurate:     	White=1     	Black=1      OK:         	White=19    	Black=17     Best:        	---       	Black=3      Strong:       	White=1     	---} 1/2-1/2

[Event "Djerba Festival Masters 2024"]
[Site "Djerba"]
[Date "2024.02.23"]
[Round "5.3"]
[White "Maurizzi, Marc`Andria"]
[Black "Moussard, Jules"]
[Result "1-0"]
[ECO "E06"]
[WhiteElo "2572"]
[BlackElo "2630"]
[Annotator "TA"]
[PlyCount "81"]
[EventDate "2024.02.18"]
[EventType "tourn"]
[EventCountry "TUN"]
[SourceTitle "playchess.com"]
[Source "ChessBase"]
[SourceQuality "1"]
[TimeControl "5400+30"]

1. Nf3 Nf6 2. g3 d5 3. Bg2 e6 4. O-O Be7 5. d4 O-O 6. c4 c6 7. Nc3 a5 {[%emt 0:00:28] E06: Closed Catalan: Early deviations.} 8. Bf4 dxc4 9. Ne5 Nd5 10. Nxc4 Nxf4 11. gxf4 Nd7 12. e3 Nb6 13. Ne5 f6 14. Nd3 Nd5 15. Rc1 Kh8 $146 ({Predecessor:} 15... Bd7 16. Qb3 b6 17. f5 Nxc3 18. Rxc3 a4 19. Qc2 exf5 20. Bxc6 Bxc6 21. Rxc6 Bd6 {1-0 Woodward,A (2501)-Oro,F (2357) Jeddah YM 1st 2024 (3)}) 16. Kh1 Bd6 17. Rg1 Qe7 18. Ne4 Bc7 19. Qh5 Nb4 20. Bf1 e5 (20... b6 $11 {keeps the balance.}) 21. dxe5 $16 fxe5 22. Nxe5 Bxe5 23. Qxe5 (23. fxe5 Bf5 24. Nd6 g6 $11) 23... Qxe5 24. fxe5 Be6 (24... Nxa2 $14 25. Rd1 Nb4) 25. f4 (25. a3 $18 Nd5 26. Bg2) 25... Bxa2 26. Bc4 (26. Nd6 $16) 26... Bxc4 $11 27. Rxc4 Nd5 28. Rg3 a4 $1 29. Nd6 g6 (29... Ne7 $1 $11 {remains equal.}) 30. f5 $1 $16 (30. Nxb7 Rfb8 31. Nc5 Rxb2 32. Rxa4 Rab8) 30... b5 (30... gxf5 $16 31. e6 (31. Nxb7 a3 $11) 31... h6) 31. Rcg4 $1 $18 ({Worse is} 31. Rxc6 Ne7 32. Rb6 Nxf5 $11) 31... a3 $2 (31... gxf5 32. Rg8+ Rxg8 33. Nf7#) (31... Nf6 32. exf6 Rxf6) 32. bxa3 $18 Rxa3 (32... Nf6 {was necessary.}) 33. e4 Ne3 34. e6 (34. fxg6 Nxg4 35. Rxa3 Nxe5 $17 (35... hxg6 $2 {too greedy.} 36. e6 $18)) 34... Rfa8 35. Rxe3 Rxe3 {[%emt 0:00:02] [#]} 36. f6 $1 Kg8 37. e7 Rf3 {[%emt 0:00:02] [#]} 38. e5 $1 Rf2 39. Kg1 Re2 40. e8=Q+ (40. e8=B $2 Ra1#) 40... Rxe8 41. f7+ (41. Nxe8 Rxe5 42. Nd6 Rd5 $18) 1-0

[Event "Djerba Festival Masters 2024"]
[Site "Djerba"]
[Date "2024.02.23"]
[Round "5.4"]
[White "Bellahcene, Bilel"]
[Black "Tari, Aryan"]
[Result "1/2-1/2"]
[ECO "C84"]
[WhiteElo "2516"]
[BlackElo "2623"]
[Annotator "RC"]
[PlyCount "33"]
[EventDate "2024.02.18"]
[EventType "tourn"]
[EventCountry "TUN"]
[SourceTitle "playchess.com"]
[Source "ChessBase"]
[SourceQuality "1"]
[TimeControl "5400+30"]

1. e4 e5 2. Nf3 Nc6 3. Bb5 a6 4. Ba4 Nf6 5. O-O Nxe4 6. d4 Be7 7. Re1 b5 8. Rxe4 d5 9. Nxe5 Nxe5 10. Rxe5 bxa4 11. b3 O-O 12. Ba3 Bxa3 13. Nxa3 Re8 14. Rxe8+ Qxe8 15. Nb1 Bd7 16. Nc3 Qe6 17. Qd2 1/2-1/2

[Event "Djerba Festival Masters 2024"]
[Site "Djerba"]
[Date "2024.02.24"]
[Round "6.1"]
[White "Dardha, Daniel"]
[Black "Tari, Aryan"]
[Result "1/2-1/2"]
[ECO "A20"]
[WhiteElo "2602"]
[BlackElo "2623"]
[Annotator "TA"]
[PlyCount "32"]
[EventDate "2024.02.18"]
[EventType "tourn"]
[EventCountry "TUN"]
[SourceTitle "playchess.com"]
[Source "ChessBase"]
[SourceQuality "1"]
[TimeControl "5400+30"]

1. c4 e5 2. g3 c6 3. Nf3 e4 4. Nd4 d5 5. cxd5 Qxd5 6. Nc2 Nf6 7. Nc3 Qe5 8. Bg2 Na6 9. Ne3 Bc5 10. Qa4 b5 11. Qc2 Nb4 12. Qb1 Bxe3 13. fxe3 Bf5 14. b3 O-O {[%emt 0:11:36] White is weak on the light squares} 15. Bb2 {[%emt 0:01:15][%cal Oc3e4] Hoping for Nxe4!} Qe6 16. O-O Rfe8 {[%emt 0:03:08] Not much happened in this game.   Weighted Error Value: White=0.02 (flawless) /Black=0.00 (flawless) .  OK:         	White=5     	Black=10     Best:        	---       	Black=1} 1/2-1/2

[Event "Djerba Festival Masters 2024"]
[Site "Djerba"]
[Date "2024.02.24"]
[Round "6.2"]
[White "Moussard, Jules"]
[Black "Bellahcene, Bilel"]
[Result "1/2-1/2"]
[ECO "A13"]
[WhiteElo "2630"]
[BlackElo "2516"]
[Annotator "TA"]
[PlyCount "133"]
[EventDate "2024.02.18"]
[EventType "tourn"]
[EventCountry "TUN"]
[SourceTitle "playchess.com"]
[Source "ChessBase"]
[SourceQuality "1"]
[TimeControl "5400+30"]

1. c4 e6 2. Nc3 Bb4 3. Qc2 Nf6 4. a3 Bxc3 5. Qxc3 O-O 6. b4 {[%emt 0:04:26] A13: English Opening: 1...e6.} d6 7. d4 b6 8. Nf3 a5 9. g3 d5 $146 ({Predecessor:} 9... axb4 10. axb4 Rxa1 11. Qxa1 Bb7 12. Bg2 Nc6 13. Qc3 b5 14. O-O bxc4 15. Qxc4 Ne7 16. Bg5 Bd5 17. Qc1 Nc6 18. Rd1 Nxb4 {½-½ Marquez Abreu,C (2413)-Langer,R (2239) Webchess op6 Gr009 email 2014}) 10. b5 c6 11. Bg2 dxc4 12. Qxc4 cxb5 13. Qxb5 Ba6 14. Qb2 Nbd7 15. O-O Rc8 16. Bg5 h6 17. Bxf6 Qxf6 18. Rfc1 Qe7 19. e3 Bb7 20. a4 Qd6 21. Nd2 Bxg2 22. Kxg2 e5 23. Nf3 exd4 24. Qxd4 Qe6 25. Rd1 Nc5 26. Qe5 Qc6 27. Rd6 Qb7 28. Qd5 Qxd5 29. Rxd5 Rfd8 30. Rxd8+ Rxd8 31. Nd4 Ne6 (31... h5 $11) 32. Nxe6 $14 fxe6 33. Rb1 Rd6 34. Kf3 Kf7 35. Ke2 Ke7 36. f4 g5 37. Kf3 Kf6 38. Kg4 Rd2 39. Rxb6 Rxh2 40. Rb5 h5+ 41. Kf3 g4+ 42. Ke4 h4 43. gxh4 (43. Rxa5 $2 {too greedy.} hxg3 44. Rg5 Rh4 $19) 43... Rxh4 44. Rxa5 Rh1 45. Rg5 Ra1 46. a5 (46. Rxg4 {simplifies} Rxa4+ 47. Kf3 Ra1 48. Rg5) 46... Ra4+ 47. Kd3 g3 48. Ke2 Ra2+ 49. Kf1 (49. Kf3 $5 g2 $8 50. Rxg2 Rxa5 51. Rb2 $11) 49... Rf2+ 50. Kg1 Ra2 51. Re5 (51. Rxg3 Rxa5 52. f5 Rxf5 $17) 51... Re2 52. e4 Ra2 53. Rg5 Ra4 54. Kg2 (54. Rxg3 Rxa5 55. Kf1 Ra2 $11) 54... Ra3 (54... Rxe4 {simplifies} 55. Kxg3 Re3+ 56. Kf2 Ra3) 55. Rb5 ({Of course not} 55. Rxg3 Rxa5 56. Rc3 Ra4 $11) 55... Kg6 56. Rb6 Kh5 57. Kh3 g2+ 58. Kxg2 Kg4 59. Rxe6 Ra2+ 60. Kf1 Kxf4 61. a6 Ke3 $1 62. Kg1 Kf3 63. Kh1 Kg3 64. Rg6+ Kf4 65. Re6 Kg3 66. Rg6+ Kf4 67. Re6 1/2-1/2

[Event "Djerba Festival Masters 2024"]
[Site "Djerba"]
[Date "2024.02.24"]
[Round "6.3"]
[White "Niemann, Hans Moke"]
[Black "Maurizzi, Marc`Andria"]
[Result "0-1"]
[ECO "B10"]
[WhiteElo "2692"]
[BlackElo "2572"]
[Annotator "TA"]
[PlyCount "126"]
[EventDate "2024.02.18"]
[EventType "tourn"]
[EventCountry "TUN"]
[SourceTitle "playchess.com"]
[Source "ChessBase"]
[SourceQuality "1"]
[TimeControl "5400+30"]

1. e4 c6 2. Nf3 d5 3. d3 dxe4 4. dxe4 Qxd1+ 5. Kxd1 Nf6 6. Nfd2 g5 7. a4 h5 8. Nc3 h4 9. h3 Nh5 10. Nf3 f6 11. e5 Nd7 12. a5 Nxe5 13. Nxe5 fxe5 14. Bxg5 Bf5 15. Ra4 O-O-O+ 16. Kc1 Nf4 17. Bxf4 exf4 18. Be2 e6 19. Ne4 Rd5 20. Bf3 Be7 21. Nd2 Rd7 22. Re1 Rg8 23. Nb3 a6 24. Kb1 Rf8 25. Re2 Kc7 26. Rc4 Bd6 27. Nd4 Kb8 28. Nxe6 Rf6 29. Nd4 Bg6 30. Bg4 Rd8 31. Nf3 Bc7 32. Ra4 Bf7 33. b3 Rd5 34. Nxh4 Rxa5 35. Rxa5 Bxa5 36. Nf3 Bc3 37. h4 Rd6 38. Kc1 Rd5 39. Re4 Ra5 40. Kd1 (40. Rxf4 $2 Ra1#) 40... Ra1+ (40... Rd5+ $16 41. Ke2 Bg6) 41. Ke2 $18 Ra2 42. Rxf4 Bxb3 43. Kd3 $1 Rxc2 44. Be6 Ba1 45. Bxb3 (45. Rf8+ Ka7 46. Bxb3 Rc3+ 47. Ke2 Rxb3 $11) 45... Rc3+ 46. Kd2 Rxb3 47. h5 Rb2+ 48. Ke3 Rb3+ 49. Ke2 $1 Rb2+ $2 (49... Rb1 {might work better.} 50. h6 Rb2+ 51. Nd2 Rb5) 50. Nd2 $1 $18 Ra2 51. Kd1 (51. h6 $142) 51... a5 52. h6 a4 53. g4 a3 $2 (53... Bc3 54. Ne4 Ra1+ 55. Kc2 Be5 56. Rf8+ Kc7) 54. g5 Bc3 $2 (54... Be5 55. Rf8+ Ka7) 55. Ne4 $2 (55. Nb3) 55... Be5 $2 {[%emt 0:00:54] [#]} (55... Bd4 {is a better defense.}) 56. g6 $2 (56. Rf8+ $1 $18 Ka7 (56... Kc7 57. Ra8) 57. Rf3 Ra1+ 58. Kc2) 56... Ra1+ $1 $14 (56... Bxf4 57. g7 Ra1+ (57... Bxh6 $2 58. g8=Q+ $18) 58. Ke2 Bxh6 59. g8=Q+ (59. g8=R+ $2 Ka7 $19) 59... Ka7 60. Qh8 Ra2+ 61. Kf3 $18) 57. Ke2 $2 (57. Kc2 $14 {keeps the upper hand.} a2 (57... Bxf4 $2 58. g7 $18) 58. Rf8+ Ka7 59. Kb3 (59. f4 $2 Rg1 $19)) 57... a2 $17 (57... Bxf4 $2 58. g7 a2 59. g8=Q+ $18) 58. g7 $2 {[%emt 0:00:52][%mdl 8192] [#]} ({Don't go for} 58. Rf8+ $2 Ka7 59. Rf3 Re1+ 60. Kxe1 a1=Q+ $19 (60... a1=B $2 61. Ra3+ Kb6 62. Rxa1 $18)) (58. Rg4 $17 Rb1 (58... Re1+ $2 59. Kxe1 a1=Q+ 60. Ke2 $19) 59. g7) 58... Rg1 $1 $19 59. Ng3 a1=Q (59... a1=B 60. g8=Q+ (60. g8=R+ Ka7 $18) 60... Kc7 61. Rf7+ Kb6 62. Qd8+) 60. g8=Q+ Ka7 61. Qc4 Qd1+ 62. Ke3 Re1+ ({Less strong is} 62... Bxf4+ 63. Kxf4 Qd6+ (63... Qd2+ 64. Kf3 $17) 64. Kf3 $17) 63. Ne2 Rxe2+ 0-1

[Event "Djerba Festival Masters 2024"]
[Site "Djerba"]
[Date "2024.02.24"]
[Round "6.4"]
[White "Divya Deshmukh"]
[Black "Ivanchuk, Vasyl"]
[Result "1/2-1/2"]
[ECO "B30"]
[WhiteElo "2420"]
[BlackElo "2623"]
[Annotator "TA"]
[PlyCount "34"]
[EventDate "2024.02.18"]
[EventType "tourn"]
[EventCountry "TUN"]
[SourceTitle "playchess.com"]
[Source "ChessBase"]
[SourceQuality "1"]
[TimeControl "5400+30"]

1. e4 c5 2. Nf3 Nc6 3. Bb5 e6 4. O-O Nge7 5. Re1 a6 6. Bf1 d5 7. d3 h6 8. c3 d4 9. e5 g5 {[%emt 0:00:08] The position is equal.} 10. h4 g4 11. Nh2 (11. Nfd2 $14) 11... h5 $15 {[%emt 0:00:32] Threatens to win with ...Bg7.} 12. Bg5 $1 Bg7 13. f4 gxf3 (13... b5 $11) 14. Nxf3 $14 Qc7 15. cxd4 {[%emt 0:03:05] White is better.} Nf5 16. Nbd2 ({Don't play} 16. dxc5 $6 Nxe5 17. Rxe5 Bxe5 $11) 16... Nfxd4 17. Nxd4 Nxd4 {[%emt 0:00:13] Weighted Error Value: White=0.15 (very precise) /Black=0.16 (very precise) .  Mistake:       	White=1     	Black=1      OK:         	White=3     	Black=5      Best:        	---       	Black=1      Strong:       	White=1     	---} 1/2-1/2

[Event "Djerba Festival Masters 2024"]
[Site "Djerba"]
[Date "2024.02.25"]
[Round "7.1"]
[White "Ivanchuk, Vasyl"]
[Black "Dardha, Daniel"]
[Result "1/2-1/2"]
[ECO "D24"]
[WhiteElo "2623"]
[BlackElo "2602"]
[Annotator "TA"]
[PlyCount "37"]
[EventDate "2024.02.18"]
[EventType "tourn"]
[EventCountry "TUN"]
[SourceTitle "playchess.com"]
[Source "ChessBase"]
[SourceQuality "1"]
[TimeControl "5400+30"]

1. d4 d5 2. c4 dxc4 3. Nf3 Nf6 4. Nc3 a6 5. e4 b5 6. e5 Nd5 7. a4 e6 8. axb5 {[%emt 0:00:03] The position is equal.} Bb4 9. Qc2 (9. Bxc4 $2 {loses.} Nxc3 (9... Bxc3+ $2 {too greedy.} 10. bxc3 Nxc3 11. Qc2 $18) 10. bxc3 Bxc3+ 11. Bd2 Bxa1 12. Qxa1 Bb7 $19) 9... Nb6 10. Qe4 {[%emt 0:00:05][%cal Of1c4] Against Bb7} Qd5 11. Qg4 axb5 12. Rxa8 Qxa8 13. Qxg7 Qa1 14. Qxh8+ Kd7 $1 15. Kd2 Bxc3+ 16. bxc3 (16. Kxc3 $2 {gets mated.} Qxc1+ 17. Kb4 Qxb2+ 18. Kc5 Na6#) 16... Qa2+ 17. Kd1 Qa4+ 18. Kd2 Qa2+ $1 19. Kd1 {[%emt 0:01:02] An uneventful encounter.   Weighted Error Value: White=0.00 (flawless) /Black=0.00 (flawless) .  OK:         	White=3     	Black=7      Best:        	White=2     	---        Strong:       	---       	Black=2} 1/2-1/2

[Event "Djerba Festival Masters 2024"]
[Site "Djerba"]
[Date "2024.02.25"]
[Round "7.2"]
[White "Maurizzi, Marc`Andria"]
[Black "Divya Deshmukh"]
[Result "1/2-1/2"]
[ECO "C10"]
[WhiteElo "2572"]
[BlackElo "2420"]
[Annotator "TA"]
[PlyCount "45"]
[EventDate "2024.02.18"]
[EventType "tourn"]
[EventCountry "TUN"]
[SourceTitle "playchess.com"]
[Source "ChessBase"]
[SourceQuality "1"]
[TimeControl "5400+30"]

1. e4 e6 2. d4 d5 3. Nc3 Nf6 4. Bg5 dxe4 5. Nxe4 Nbd7 6. Nf3 h6 7. Nxf6+ Nxf6 8. Be3 Bd6 9. Bd3 Bd7 10. Qe2 Nd5 11. c4 Bb4+ 12. Nd2 Nxe3 13. fxe3 Qh4+ 14. g3 Qe7 15. O-O Bxd2 16. Qxd2 O-O (16... O-O-O $142) 17. b4 e5 18. d5 a5 19. a3 axb4 20. axb4 e4 21. Be2 Bh3 22. Rfc1 Qe5 23. Rxa8 {[%emt 0:00:00] Weighted Error Value: White=0.11 (very precise) /Black=0.12 (very precise) .  Mistake:       	White=1     	Black=1      Inaccurate:     	White=3     	Black=2      OK:         	White=5     	Black=8} (23. Qd4 $142 Qxd4 24. exd4) 1/2-1/2